 Dungeon Crawl Stone Soup version 0.24.0-123-gd5b16e6ec5 (webtiles) character file.

Game seed: 2235936478493399830, levelgen mode: deterministic

11025 Bluestream the Cleaver (level 11, -1/103 (105) HPs)
             Began as a Minotaur Fighter on Feb 4, 2020.
             Was a High Priest of Makhleb.
             Slain by an orc warrior
             ... wielding a +0 dire flail
              (19 damage)
             ... on level 11 of the Dungeon.
             The game lasted 00:19:11 (10672 turns).

Bluestream the Cleaver (Minotaur Fighter)          Turns: 10672, Time: 00:19:11

HP:   -1/103 (105)  AC: 15    Str: 27    XL:     11   Next: 43%
MP:   19/19         EV:  7    Int:  5    God:    Makhleb [*****.]
Gold: 613           SH:  0    Dex: 10    Spells: 10/10 levels left

rFire    . . .     SeeInvis .   R - +2 battleaxe (venom) (curse)
rCold    . . .     Gourm    .   (shield currently unavailable)
rNeg     . . .     Faith    .   L - +0 plate armour
rPois    .         Spirit   .   (helmet restricted)
rElec    .         Reflect  .   q - +0 cloak
rCorr    .         Harm     .   (no gloves)
MR       .....                  (no boots)
Stlth    ..........             (no amulet)
HPRegen  0.27/turn              b - ring of magical power
MPRegen  0.16/turn              v - +3 ring of strength

@: no status effects
A: retaliatory headbutt, horns 2
a: Minor Destruction, Lesser Servant of Makhleb, Major Destruction, Greater
Servant of Makhleb, Renounce Religion


You were on level 11 of the Dungeon.
You worshipped Makhleb.
Makhleb was extremely pleased with you.
You were not hungry.

You visited 2 branches of the dungeon, and saw 12 of its levels.
You also visited: Ossuary.

You collected 613 gold pieces.

Inventory:

Hand Weapons
 D - the +11 whip "Oghege" {venom, rElec Int+2}
   (You took it off a kobold on level 4 of the Dungeon)

   It poisons the flesh of those it strikes.
   It affects your intelligence (+2).
   It insulates you from electricity.
 F - a +2 vampiric hand axe
 R - a cursed +2 battleaxe of venom (weapon)
Armour
 c - a +0 shield
 q - a +0 cloak (worn)
 L - a +0 plate armour (worn)
Jewellery
 b - a ring of magical power (left hand)
 v - a +3 ring of strength (right hand)
 x - an uncursed ring of fire
 y - an uncursed ring of flight
 S - an uncursed ring of wizardry {unknown}
Wands
 a - a wand of flame (24)
 z - a wand of acid (6)
 C - a wand of polymorph (24)
 J - a wand of scattershot (6)
 K - a wand of paralysis (17)
 T - a wand of enslavement (7)
Scrolls
 e - 4 scrolls of magic mapping {unknown}
 h - 2 scrolls of remove curse
 i - 4 scrolls of immolation
 j - 11 scrolls of identify
 n - a scroll of fog {unknown}
 p - a scroll of silence {unknown}
 r - 3 scrolls of fear {unknown}
 t - 2 scrolls of enchant weapon {unknown}
 u - 9 scrolls of teleportation {unknown}
 E - a scroll of summoning {unknown}
 G - 3 scrolls of enchant armour {unknown}
 N - a scroll of amnesia {unknown}
 O - a scroll of blinking {unknown}
 P - a scroll of torment {unknown}
 Q - a scroll of vulnerability {unknown}
Potions
 d - 3 potions of might
 g - 3 potions of agility
 k - 3 potions of curing {unknown}
 l - 2 potions of resistance
 m - 5 potions of degeneration {unknown}
 o - 2 potions of berserk rage {unknown}
 s - a potion of lignification {unknown}
 w - 2 potions of mutation {unknown}
 A - a potion of ambrosia {unknown}
 B - 2 potions of cancellation {unknown}
 H - a potion of haste {unknown}
 I - 2 potions of heal wounds {unknown}
 M - a potion of experience {unknown}
Comestibles
 f - 27 rations


   Skills:
 + Level 12.6 Fighting
 * Level 14.2(14.5) Axes
 - Level 5.2(10.8) Maces & Flails
 + Level 9.5 Armour
 - Level 3.6 Shields


You had 10 spell levels left.
You didn't know any spells.
Your spell library contained the following spells:

 Spells                   Type           Power        Failure   Level  Hunger
 Corona                   Hex            #......      99%         1    ##.....
 Sandblast                Erth           #.....       99%         1    ##.....
 Ensorcelled Hibernation  Hex/Ice        #.....       100%        2    ###....
 Passwall                 Tmut/Erth      #.......     100%        2    ###....
 Confuse                  Hex            #.......     100%        3    ####...
 Dazzling Spray           Conj/Hex       #.....       100%        3    ####...
 Stone Arrow              Conj/Erth      #.....       100%        3    ####...
 Tukima's Dance           Hex            #.......     100%        3    ####...
 Petrify                  Tmut/Erth      #.......     100%        4    #####..
 Lee's Rapid Deconstruct  Erth           #.........   100%        5    ######.


Dungeon Overview and Level Annotations

Branches:
Dungeon (11/15)            Temple (1/1) D:5            Lair (0/6) D:8
Ossuary (visited)
    Orc: D:9-12

Altars:
Ashenzari
Cheibriados
Dithmenos
Elyvilon
Fedhas
Hepliaklqana
Makhleb
Nemelex Xobeh
Qazlal
Uskayaw
Wu Jian
Xom
Zin

Shops:
D:4 *   D:9 *


Innate Abilities, Weirdness & Mutations

You reflexively headbutt those who attack you in melee.
You have a pair of horns on your head.


Message History

The orc warrior barely misses you.
The centaur hits you but does no damage.
You barely miss the orc warrior. You headbutt the orc warrior.
The orc warrior is severely wounded.
You barely miss the centaur.
You kill the centaur!
Makhleb accepts your kill. The orc warrior barely misses you.
You closely miss the orc warrior.
You headbutt the orc warrior, but do no damage.
The orc warrior is severely wounded.
The orc warrior hits you but does no damage.
The centaur unwields a +0 shortbow.
The centaur closely misses you.
You closely miss the orc warrior. Your headbutt misses the orc warrior.
The orc warrior is almost dead.
You slash the centaur!
The centaur looks as sick as possible!
The centaur hits you.
* * * LOW HITPOINT WARNING * * *
The orc warrior hits you with a +0 dire flail!!
You die...

#.... #....... #....#
#....... #>...####.((..#
#............#
#............+
#........(...#
#...o........#
#..()@.(.....#
#..(c##+#....#
#.)..#..#....#
#....+..'....#
.'....####....#
###............#########
...<.........#.....#..
..............#.....#..
...%...........#.....#..


You could see an orc warrior and a centaur.

Vanquished Creatures
  A two-headed ogre (D:8)
  An unseen horror (D:10)
  Pikel (D:4)
  An ugly thing (D:11)
  A gargoyle (D:10)
  2 trolls (D:10)
  3 hippogriffs
  2 wraiths (D:10)
  2 wyverns
  The ghost of Bluestream the Cudgeler, an amateur MiBe of Trog (D:4)
  2 basilisks (D:8)
  8 yaks
  A hungry ghost (D:9)
  A black bear (D:8)
  2 orc warriors (D:8)
  2 ice beasts (D:5)
  2 eyes of draining
  A hornet zombie (D:11)
  2 phantoms (D:8)
  2 necrophages
  5 sky beasts
  4 ogres
  6 centaurs
  A gnoll sergeant (D:9)
  4 bullfrogs
  2 scorpions
  8 wights
  3 killer bees (D:9)
  5 howler monkeys
  6 crimson imps
  A bullfrog zombie (D:9)
  A quasit (D:9)
  4 hounds
  2 jellies
  7 orc priests
  7 iguanas
  Natasha (thrice) (D:3)
  12 orc wizards
  8 worker ants
  5 big kobold zombies (Ossuary)
  A hound zombie (D:9)
  A hound skeleton (D:10)
  A mummy (Ossuary)
  A worker ant zombie (D:6)
  Robin (D:2)
  6 gnolls
  12 adders
  2 shadow imps
  3 oozes
  An adder zombie (D:8)
  2 adder skeletons
  A worm (D:2)
  5 dart slugs
  6 leopard geckos
  52 orcs
  4 spectral bats (Ossuary)
  5 bat simulacra (Ossuary)
  4 giant cockroaches
  24 goblins
  28 hobgoblins
  12 jackals
  26 kobolds
  4 quokkas
  4 bats
  3 frilled lizards
  7 gnoll zombies (Ossuary)
  3 goblin simulacra (Ossuary)
  6 goblin zombies
  6 hobgoblin zombies (Ossuary)
  A jackal skeleton (D:4)
  2 kobold simulacra (Ossuary)
  4 kobold zombies (Ossuary)
  3 orc zombies (Ossuary)
  A quokka zombie (D:4)
  5 rats (D:1)
  6 rat simulacra (Ossuary)
  4 spectral goblins (Ossuary)
  2 spectral kobolds (Ossuary)
  5 spectral rats (Ossuary)
396 creatures vanquished.

Vanquished Creatures (others)
  A slave (D:4)
  An orc priest (D:4)
  An orc wizard (D:4)
  An orc (D:4)
  A kobold (D:4)
  A fungus (D:8)
  A plant (D:8)
7 creatures vanquished.

Grand Total: 403 creatures vanquished

Notes
Turn   | Place    | Note
-------+----------+-------------------------------------------
     0 | D:1      | Bluestream the Minotaur Fighter began the quest for the
                  | Orb.
     0 | D:1      | Reached XP level 1. HP: 19/19 MP: 0/0
    28 | D:1      | Reached XP level 2. HP: 6/27 MP: 1/1
    33 | D:1      | Reached skill level 3 in Axes
   582 | D:1      | Reached XP level 3. HP: 33/34 MP: 2/2
  1103 | D:2      | Reached skill level 4 in Axes
  1426 | D:2      | Noticed Robin
  1428 | D:2      | Reached XP level 4. HP: 36/41 MP: 3/3
  1438 | D:2      | Reached skill level 5 in Fighting
  1452 | D:2      | Killed Robin
  1470 | D:2      | Found a hazy altar of Hepliaklqana.
  1545 | D:2      | Found a faded altar of an unknown god.
  1818 | D:3      | Noticed Natasha
  1822 | D:3      | Killed Natasha
  1822 | D:3      | Reached XP level 5. HP: 50/50 MP: 4/4
  1864 | D:3      | Noticed Natasha
  1871 | D:3      | Killed Natasha
  1871 | D:3      | Reached skill level 5 in Axes
  1894 | D:3      | Noticed Natasha
  1902 | D:3      | Killed Natasha
  2200 | D:4      | Found a sand-covered staircase.
  2207 | Ossuary  | Entered an ossuary
  2327 | Ossuary  | Reached XP level 6. HP: 57/57 MP: 5/5
  2406 | Ossuary  | Reached skill level 6 in Axes
  2739 | D:4      | Found a hide-covered altar of Uskayaw.
  2771 | D:4      | Found a runed translucent gate.
  2771 | D:4      | Found a runed translucent gate.
  2773 | D:4      | Noticed Bluestream's ghost (amateur MiBe)
  2774 | D:4      | Identified the +11 whip "Oghege" {venom, rElec Int+2}
  2776 | D:4      | Found a runed translucent gate.
  2858 | D:4      | Noticed Pikel
  2858 | D:4      | Noticed a slave
  2858 | D:4      | Noticed a slave
  2858 | D:4      | Noticed a slave
  2859 | D:4      | Noticed a slave
  2872 | D:4      | Killed Pikel
  2872 | D:4      | Reached skill level 8 in Axes
  2872 | D:4      | Reached XP level 7. HP: 25/69 MP: 6/6
  3124 | D:4      | Found Miep's General Store.
  3383 | D:4      | Killed Bluestream's ghost
  3383 | D:4      | Reached XP level 8. HP: 32/77 MP: 7/7
  3768 | D:5      | Entered Level 5 of the Dungeon
  3850 | D:5      | Found a staircase to the Ecumenical Temple.
  3880 | D:5      | Reached skill level 1 in Maces & Flails
  3975 | D:5      | Found an ornate altar of the Wu Jian Council.
  4286 | D:5      | Reached skill level 5 in Maces & Flails
  4519 | Temple   | Entered the Ecumenical Temple
  4539 | Temple   | Became a worshipper of Makhleb the Destroyer
  5411 | D:6      | Found a sparkling altar of Nemelex Xobeh.
  5417 | D:6      | Reached * piety under Makhleb
  5604 | D:6      | Reached skill level 9 in Axes
  5607 | D:6      | Reached XP level 9. HP: 71/83 MP: 8/8
  5839 | D:6      | Reached skill level 10 in Fighting
  5939 | D:6      | Reached ** piety under Makhleb
  6604 | D:7      | Reached *** piety under Makhleb
  7074 | D:8      | Reached skill level 5 in Armour
  7156 | D:8      | Reached skill level 10 in Axes
  7190 | D:8      | Found a shadowy altar of Dithmenos.
  7709 | D:8      | Noticed a two-headed ogre
  7813 | D:9      | Reached skill level 11 in Axes
  7831 | D:9      | Reached **** piety under Makhleb
  7847 | D:9      | Reached XP level 10. HP: 93/93 MP: 9/9
  7901 | D:8      | Killed a two-headed ogre
  8012 | D:8      | Reached skill level 12 in Axes
  8396 | D:8      | Found a staircase to the Lair.
  8922 | D:9      | Found a snail-covered altar of Cheibriados.
  9048 | D:9      | Reached ***** piety under Makhleb
  9098 | D:9      | Found Naykesue's General Store.
  9306 | D:10     | Entered Level 10 of the Dungeon
  9351 | D:10     | Reached skill level 13 in Axes
  9531 | D:10     | Killed an unseen horror
  9531 | D:10     | Reached XP level 11. HP: 94/102 MP: 10/10
 10043 | D:10     | Reached skill level 14 in Axes
 10463 | D:11     | Noticed a white ugly thing
 10471 | D:11     | Killed a white ugly thing
 10672 | D:11     | Slain by an orc warrior

Levels and vault maps discovered:
D:1:      saegor_arrival_simple_e, layout_basic, serial_forest,
          infiniplex_forest_clump_diagonal, infiniplex_forest_clump_medium,
          infiniplex_forest_lined_2, infiniplex_forest_lined_2,
          infiniplex_forest_clump_long, hex_tiny
D:2:      layout_basic, old_standard_altar, chequers_ecumenical_altar_simple,
          feat_on_display, uniq_robin
D:3:      layout_rooms, first_ration, uniq_natasha
D:4:      layout_loops_ring, eat_drink_and_be_merry_uskayaw, serial_shops, shop,
          enter_ossuary_4, gammafunk_ghost_nasty_kobolds,
          kennysheep_generic_room_5, uniq_pikel
D:5:      minmay_opposing_rooms, layout_basic, marbit_many_paths,
          minmay_temple_entry_sparse_star
D:6:      corexii_shantytown, layout_basic, nemelex_xobeh_ov_fountains_minmay
D:7:      layout_loops_corners, grunt_ogre_cave
D:8:      layout_basic, grunt_dithmenos_smoke_and_mirrors, david_lair_generic
D:9:      layout_rooms, lemuel_doored_altar, serial_shops, kennysheep_mini_moat
D:10:     layout_irregular_city
D:11:     layout_gridville, david_orc_2, portal_ice_cave_entry_imps,
          serial_shops, shop, uniq_maurice
Temple:   eino_temple_scatter_basement

Skill      XL: |  1  2  3  4  5  6  7  8  9 10 11 |
---------------+----------------------------------+-----
Fighting       | 4 5 6 8 9 11 12 | 12.6
Axes           | 3 4 5 8 9 11 13 14 | 14.2
Maces & Flails | 5 |  5.2
Armour         | 4 6 8 9 |  9.5
Shields        | |  3.6

Action                   |  1- 3 |  4- 6 |  7- 9 | 10-12 || total
-------------------------+-------+-------+-------+-------++-------
Melee: War axe           |    84 |   203 |    25 |       ||   312
       Headbutt          |    19 |    38 |    60 |    73 ||   190
       Hand axe          |       |       |   331 |   223 ||   554
       Whip              |       |       |    44 |       ||    44
       Battleaxe         |       |       |       |    78 ||    78
  Use: Scroll            |       |     4 |       |       ||     4
  Eat: Chunk             |     1 |     6 |    12 |     7 ||    26
       Ration            |       |       |     2 |     1 ||     3
Armor: Scale mail        |    30 |    79 |    47 |       ||   156
       Plate armour      |       |       |    62 |   139 ||   201
Dodge: Dodged            |    14 |    45 |    69 |    55 ||   183
Block: Shield            |    42 |    77 |   172 |   101 ||   392
